 Dungeon Crawl Stone Soup version 0.26-a0-778-g3fe0686644 (webtiles) character file.

Game seed: 16093247020092760846

809 olmar the Cudgeler (level 7, -2/44 HPs)
             Began as a Gargoyle Fighter on Nov 10, 2020.
             Slain by an iguana (9 damage)
             ... on level 5 of the Dungeon.
             The game lasted 00:07:15 (5254 turns).

olmar the Cudgeler (Gargoyle Fighter)               Turns: 5254, Time: 00:07:16

Health: -2/44      AC: 14    Str: 21    XL:     7   Next: 92%
Magic:  7/7        EV:  8    Int:  9    God:
Gold:   176        SH: 10    Dex:  9    Spells: 6/6 levels left

rFire    . . .     SeeInvis .   a - +0 flail
rCold    . . .     Faith    .   c - +0 kite shield
rNeg     + . .     Spirit   .   b - +0 scale mail
rPois    ∞         Reflect  .   (no helmet)
rElec    +         Harm     .   o - +0 cloak
rCorr    .         Rampage  .   (no gloves)
MR       .....                  A - +0 pair of boots
Stlth    ..........             (no amulet)
HPRegen  0.14/turn              (no ring)
MPRegen  0.10/turn              (no ring)

@: no status effects
A: negative energy resistance 1, electricity resistance, unbreathing,
petrification resistance, rot immunity, AC +4
a: no special abilities


You were on level 5 of the Dungeon.
You visited 2 branches of the dungeon, and saw 6 of its levels.

You collected 278 gold pieces.
You spent 102 gold pieces at shops.

Inventory:

Hand Weapons
 a - a +0 flail (weapon)
 x - a cursed -3 morningstar
Armour
 b - a +0 scale mail (worn)
 c - a +0 kite shield (worn)
 o - a +0 cloak (worn)
 A - a +0 pair of boots (worn)
Wands
 y - a wand of iceblast (8)
Scrolls
 f - a scroll of noise {unknown}
 g - a scroll of enchant armour {unknown}
 h - 5 scrolls of fear
 i - 6 scrolls of identify
 k - 5 scrolls of teleportation {unknown}
 n - 2 scrolls of random uselessness {unknown}
 q - a scroll of immolation {unknown}
 t - a scroll of amnesia {unknown}
 v - 2 scrolls of remove curse
 z - a scroll of blinking {unknown}
Potions
 d - a potion of curing
 e - a potion of flight {unknown}
 j - 2 potions of cancellation {unknown}
 l - 2 potions of haste {unknown}
 m - a potion of attraction {unknown}
 p - a potion of resistance
 r - 3 potions of heal wounds {unknown}
 s - a potion of berserk rage {unknown}
 u - 2 potions of might
 w - a potion of mutation {unknown}
 B - 2 potions of brilliance {unknown}


   Skills:
 + Level 4.8 Fighting
 + Level 5.7 Maces & Flails
 + Level 5.2 Armour
 - Level 0.2 Dodging
 + Level 5.7 Shields


You had 6 spell levels left.
You didn't know any spells.
Your spell library was empty.

Dungeon Overview and Level Annotations

Branches:
Dungeon (5/15)             Temple (1/1) D:4

Altars:
Ashenzari
Cheibriados
Elyvilon
Hepliaklqana
Kikubaaqudgha
Nemelex Xobeh
Okawaru
Ru
Sif Muna
Uskayaw
Vehumet
Xom
Yredelemnul
Zin
The Shining One

Shops:
D:4 (?


Innate Abilities, Weirdness & Mutations

You are resistant to torment.
Your stone body is resilient. (AC +4)
You are immune to poison.
You resist negative energy. (rN+)
You are resistant to electric shocks. (rElec)
You can survive without breathing.
You are immune to petrification.
You are immune to rotting.


Message History

You hit the iguana.
The iguana is moderately wounded.
The iguana bites you.
You hit the iguana.
The iguana is severely wounded.
The iguana bites you but does no damage.
You barely miss the iguana.
The iguana is severely wounded.
The iguana bites you.
You hit the iguana but do no damage.
The iguana is severely wounded.
The iguana closely misses you.
You closely miss the iguana.
The iguana is severely wounded.
The iguana bites you!
* * * LOW HITPOINT WARNING * * *
Your shield and scale mail prevent you from hitting the iguana.
The iguana is severely wounded.
The iguana bites you!
You die...

##.# ##...## ...#
#.#.#.# #..# #.#.#.#
# #..# #.#.#.#
#.###..# ##...##
#......# #####.#.##
#..)######........##
#....)..............
#..@######.###....##
##l## #.# #.#..# #.#
#.# #....# #.# #.#
####.# ... #.#
####.## #....
#.###...... #....#
#.......... #....#
#####.##... #...$#
#. #...


You could see an iguana.

Vanquished Creatures
  Duvessa (D:5)
  A sky beast (D:3)
  A centaur (D:5)
  Dowan (D:5)
  A bullfrog zombie (D:4)
  2 hounds (D:4)
  A jelly (D:2)
  Crazy Yiuf (D:2)
  Jessica (D:2)
  A bullfrog skeleton (D:4)
  An orc wizard (D:4)
  2 iguanas
  2 worker ants
  5 adders
  An ooze (D:3)
  3 worms
  6 dart slugs
  A leopard gecko (D:3)
  4 orcs (D:4)
  2 ball pythons
  5 giant cockroaches
  10 goblins
  9 hobgoblins
  9 jackals
  9 kobolds
  10 bats
  8 frilled lizards
  A leopard gecko zombie (D:2)
  5 rats
104 creatures vanquished.

Notes
Turn   | Place    | Note
-------+----------+-------------------------------------------
     0 | D:1      | olmar the Gargoyle Fighter began the quest for the Orb.
     0 | D:1      | Reached XP level 1. HP: 14/14 MP: 1/1
    54 | D:1      | Reached XP level 2. HP: 14/19 MP: 2/2
   283 | D:1      | You fall into a shaft and drop 1 floor!
   359 | D:1      | Reached XP level 3. HP: 23/23 MP: 3/3
  1307 | D:2      | Reached XP level 4. HP: 29/29 MP: 4/4
  1428 | D:2      | Noticed Jessica
  1454 | D:2      | Killed Jessica
  1622 | D:2      | Reached XP level 5. HP: 25/33 MP: 5/5
  1818 | D:2      | Found a runed translucent door.
  1819 | D:2      | Noticed Crazy Yiuf
  1825 | D:2      | Killed Crazy Yiuf
  2420 | D:3      | Noticed a sky beast
  2465 | D:3      | Killed a sky beast
  2465 | D:3      | Reached XP level 6. HP: 16/38 MP: 6/6
  2861 | D:3      | Found a radiant altar of Vehumet.
  3202 | D:4      | Reached skill level 5 in Shields
  3634 | D:4      | Reached XP level 7. HP: 20/43 MP: 7/7
  3821 | D:4      | Found an iron altar of Okawaru.
  3929 | D:4      | Found Baleguev's Magic Scroll Boutique.
  3937 | D:4      | Bought a scroll of identify for 24 gold pieces
  3937 | D:4      | Bought a scroll of fear for 42 gold pieces
  3937 | D:4      | Bought a scroll of remove curse for 36 gold pieces
  3941 | D:4      | Found a snail-covered altar of Cheibriados.
  3972 | D:4      | Found Sunox's Weapon Boutique.
  4061 | D:4      | Reached skill level 5 in Maces & Flails
  4452 | D:4      | Found a white marble altar of Elyvilon.
  4615 | D:4      | Found a staircase to the Ecumenical Temple.
  4732 | Temple   | Entered the Ecumenical Temple
  4973 | D:5      | Entered Level 5 of the Dungeon
  5194 | D:5      | Noticed Duvessa
  5203 | D:5      | Noticed Dowan
  5206 | D:5      | Killed Duvessa
  5206 | D:5      | Reached skill level 5 in Armour
  5237 | D:5      | Killed Dowan
  5254 | D:5      | Slain by an iguana

Illustrated notes

Levels and vault maps discovered:
D:1:      dpeg_arrival_pond, layout_basic
D:2:      wad_crossroads, layout_basic, uniq_crazy_yiuf_cottage, uniq_jessica
D:3:      layout_basic, lemuel_round_altar, minmay_statues_item
D:4:      kennysheep_spiral_hall, layout_basic, cheibriados_altar_1,
          lemuel_doored_altar, lemuel_coloured_pillars_altar,
          minmay_temple_entry_poolview, serial_shops, shop_statue, shop
D:5:      layout_loops_corners, dk_rats_in_the_wall, uniq_duvessa
Temple:   minmay_temple_curvy_loop

Skill      XL: |  1  2  3  4  5  6  7 |
---------------+----------------------+-----
Shields        | 4 5 |  5.7
Maces & Flails | 3 4 5 |  5.7
Armour         | 4 5 |  5.2
Fighting       | 4 |  4.8
Dodging        | |  0.2

Action                   |  1- 3 |  4- 6 |  7- 9 || total
-------------------------+-------+-------+-------++-------
Melee: Flail             |   139 |   278 |   116 ||   533
Evoke: Wand              |       |       |     2 ||     2
  Use: Potion            |       |     3 |       ||     3
Armor: Scale mail        |    78 |   172 |    73 ||   323
Dodge: Dodged            |    53 |   111 |    29 ||   193
Block: Kite shield       |    69 |   170 |    70 ||   309

Table legend: (Time is in decaauts)
 A = Elapsed time spent in this place.
 B = Non-inter-level travel time spent in this place.
 C = Inter-level travel time spent in this place.
 D = Time resting spent in this place.
 E = Time spent auto-exploring this place.
 F = Levels seen in this place.
 G = Mean time per level.
                   A        B        C        D        E       F      G
               +--------+--------+--------+--------+--------+-----+--------+
         Total |   5404 |   5177 |    227 |    328 |   3843 |   6 |  900.7 |
       Dungeon |   5193 |   4991 |    202 |    328 |   3657 |   5 | 1038.6 |
        Temple |    210 |    186 |     24 |      0 |    186 |   1 |  210.0 |
               +--------+--------+--------+--------+--------+-----+--------+

Top non-repeatable levels by time:
     D:4: 1742 daAuts
     D:3: 1199 daAuts
     D:1: 1062 daAuts
     D:2: 898 daAuts
     D:5: 290 daAuts
  Temple: 210 daAuts
